 Dungeon Crawl Stone Soup version 0.29-a0-998-g1987434951 (webtiles) character file.

Game seed: 6402709884364720107

186074 freelancePsychic the Crack Shot (level 17, -36/163 HPs)
             Began as a White Draconian Hunter on Aug 5, 2022.
             Was the Champion of Ru.
             Killed by an exploding cyclops simulacrum (43 damage)
             ... ignited by their inner flame
             ... on level 2 of the Shoals.
             The game lasted 00:50:38 (35024 turns).

freelancePsychic the Crack Shot (DrHu)             Turns: 35024, Time: 00:50:38

Health: -36/163    AC: 15    Str:  9    XL:     17   Next: 42%
Magic:  17/17      EV: 28    Int:  9    God:    Ru [******]
Gold:   2418       SH:  5    Dex: 30    Spells: 16/16 levels left

rFire   x . .      SeeInvis .   a - +6 longbow (flame)
rCold   + + .      Faith    .   (shield currently unavailable)
rNeg    . . .      Spirit   .   (body armour unavailable)
rPois   +          Reflect  +   (helmet restricted)
rElec   +          Harm     .   e - +1 cloak
rCorr   .          Rampage  .   q - +0 pair of gloves
Will    .....                   k - +2 pair of boots
Stlth   ..........              I - amulet of reflection
HPRegen 0.37/turn               v - ring of poison resistance
MPRegen 0.15/turn               r - ring of Toexzev {Ice rElec Str-5 Int-2 Dex+9}

@: studying Throwing, unable to read
A: breathe frost, AC +9, unfitting armour, cold resistance 1, cold-blooded,
inability to read while threatened 2, no stealth, inability to use devices, no
hexes magic, no ice magic, no translocations magic, weak-willed 1
}: 1/15 runes: serpentine
a: Breathe Frost, Renounce Religion, Draw Out Power, Power Leap, Apocalypse


You were on level 2 of the Shoals.
You worshipped Ru.
Ru was exalted by your worship.
You visited 5 branches of the dungeon, and saw 28 of its levels.

You collected 2983 gold pieces.
You spent 565 gold pieces at shops.

Inventory:

Hand Weapons
 a - a +6 longbow of flaming (weapon)
Missiles
 d - 8 curare-tipped darts
 G - 13 javelins
 H - 2 throwing nets
Armour
 e - a +1 cloak (worn)
 k - a +2 pair of boots (worn)
 q - a +0 pair of gloves (worn)
Jewellery
 j - an amulet of guardian spirit
 r - the ring of Toexzev (right hand) {Ice rElec Str-5 Int-2 Dex+9}
   (You bought it in a shop on level 7 of the Dungeon)

   [ring of ice]

   It enhances your ice magic.
   Str:       It affects your strength (-5).
   Int:       It affects your intelligence (-2).
   Dex:       It affects your dexterity (+9).
   rF:        It makes you vulnerable to fire.
   rC:        It protects you from cold.
   rElec:     It insulates you from electricity.
 v - a ring of poison resistance (left hand)
 y - a ring of see invisible
 E - a ring of resist corrosion
 I - an amulet of reflection (around neck)
 J - a ring of wizardry
 K - a ring of wizardry
 P - a +4 ring of slaying
 S - an amulet of magic regeneration
 T - a ring of willpower
Scrolls
 h - 7 scrolls of vulnerability
 i - 3 scrolls of brand weapon
 l - 4 scrolls of noise
 m - 7 scrolls of fog
 n - 8 scrolls of blinking
 o - 2 scrolls of silence
 w - 2 scrolls of poison
 x - 9 scrolls of teleportation {@r4}
 A - 12 scrolls of identify {@r1}
 D - 2 scrolls of fear
 L - 3 scrolls of enchant armour
 M - 2 scrolls of magic mapping
 O - 3 scrolls of immolation
 R - a scroll of torment
 U - 3 scrolls of amnesia
 Y - a scroll of enchant weapon
Potions
 b - a potion of berserk rage {unknown}
 c - 6 potions of flight
 f - 2 potions of brilliance
 g - 2 potions of haste {@q3}
 p - 8 potions of curing {@q1}
 s - a potion of cancellation
 t - 2 potions of attraction
 u - a potion of ambrosia
 z - 10 potions of degeneration
 B - 2 potions of mutation
 C - 4 potions of heal wounds {@q2}
 F - 3 potions of magic
 N - 3 potions of resistance
 Q - a potion of might
 V - 3 potions of lignification
 W - 3 potions of invisibility
 X - a potion of experience {unknown}


   Skills:
 - Level 18.0 Fighting
 * Level 21.3 Ranged Weapons
 - Level 14.1 Dodging


You had 16 spell levels left.
You didn't know any spells.
Your spell library contained the following spells:

 Spells                   Type           Power      Damage    Failure   Level
 Foxfire                  Conj/Fire      0%         2x1d4     38%         1
 Magic Dart               Conj           0%         1d3       38%         1
 Sting                    Tmut/Pois      0%         1d3       38%         1
 Call Imp                 Summ           0%         N/A       52%         2
 Poisonous Vapours        Pois/Air       0%         N/A       52%         2
 Conjure Flame            Conj/Fire      0%         6-21      77%         3
 Ignite Poison            Fire/Tmut/Pois 0%         N/A       77%         3
 Mephitic Cloud           Conj/Pois/Air  0%         N/A       77%         3
 Animate Dead             Necr           0%         N/A       99%         4
 Flame Wave               Conj/Fire      0%         2d4       99%         4
 Olgreb's Toxic Radiance  Pois           0%         N/A       99%         4
 Petrify                  Tmut/Erth      0%         N/A       99%         4
 Sticky Flame             Conj/Fire      0%         2d3       99%         4
 Borgnjor's Vile Clutch   Necr/Erth      0%         N/A       100%        5
 Lee's Rapid Deconstruct  Erth           0%         3d5*      100%        5
 Death Channel            Necr           0%         N/A       100%        6
 Starburst                Conj/Fire      0%         6d3       100%        6
 Statue Form              Tmut/Erth      0%         N/A       100%        6
 Summon Cactus Giant      Summ           0%         N/A       100%        6
 Dazzling Flash           Conj/Hex       Unusable   N/A       N/A         3
 Inner Flame              Hex/Fire       Unusable   N/A       N/A         3
 Ozocubu's Armour         Ice            Unusable   N/A       N/A         3
 Fulminant Prism          Conj/Hex       Unusable   3d6       N/A         4
 Iskenderun's Mystic Bla  Conj/Tloc      Unusable   2d3       N/A         4
 Metabolic Englaciation   Hex/Ice        Unusable   N/A       N/A         5
 Summon Forest            Summ/Tloc      Unusable   N/A       N/A         5
 Summon Mana Viper        Hex/Summ       Unusable   N/A       N/A         5
 Ozocubu's Refrigeration  Ice            Unusable   4d7       N/A         7

Dungeon Overview and Level Annotations

Branches:
Dungeon (15/15)              Lair (5/5) D:10         Shoals (2/4) Lair:2
  Snake (4/4) Lair:3        Slime (0/5) Lair:5          Orc (2/2) D:11
    Elf (0/3) Orc:2        Vaults (0/5) D:14         Depths (0/4) D:15
 Temple: D:4-7

Altars:
Ashenzari
Elyvilon
Fedhas
Makhleb
Nemelex Xobeh
Qazlal
Ru
Sif Muna
Trog
Vehumet
Wu Jian
Xom
Zin
Jiyva

Shops:
D:1 :   D:7 =   D:10 =   D:13 *   Orc:2 =(*[

Portals:
Trove: D:11 (give +6 ice dragon scales)

Annotations:
D:1 Terence
D:2 Robin
D:3 3 runed translucent doors, bchevrier's ghost, amateur GnWn
D:5 exclusion: water moccasin
D:12 2 transporters, Setsom's ghost, journeyman HOMo


Innate Abilities, Weirdness & Mutations

You can breathe waves of freezing cold which knock back foes.
Your icy white scales are hard. (AC +9)
You cannot fit into any form of body armour.
Your flesh is cold resistant. (rC+)
You are cold-blooded and may be slowed by cold attacks.
You sometimes lose the ability to read scrolls when taking damage.
You cannot be stealthy.
You cannot study or use magical devices.
You cannot study or cast Hexes magic.
You cannot study or cast Ice magic.
You cannot study or cast Translocations magic.
You are slightly weak-willed. (Will-)


Message History

The fiery explosion engulfs the harpy simulacrum!!!
The harpy simulacrum melts!
The harpy simulacrum explodes!
You hear an explosion!
The fiery explosion engulfs the death yak simulacrum!!!
The death yak simulacrum melts!
The death yak simulacrum explodes!
The fiery explosion engulfs the cyclops simulacrum!!
The cyclops simulacrum melts!
The fiery explosion engulfs the merfolk simulacrum!!!
The merfolk simulacrum melts!
The merfolk simulacrum explodes!
The cyclops simulacrum explodes!
The fiery explosion engulfs the alligator snapping turtle simulacrum!
The alligator snapping turtle simulacrum melts!
Flame seeps out of the alligator snapping turtle simulacrum.
The alligator snapping turtle simulacrum is moderately damaged.
The fiery explosion engulfs the manticore simulacrum!!!!
The manticore simulacrum melts!
The fiery explosion engulfs the death yak simulacrum!!!
The death yak simulacrum melts!
The death yak simulacrum explodes!
The fiery explosion engulfs the alligator snapping turtle simulacrum!!
The alligator snapping turtle simulacrum melts!
Flame seeps out of the alligator snapping turtle simulacrum.
The alligator snapping turtle simulacrum is severely damaged.
The manticore simulacrum explodes!
The fiery explosion engulfs the alligator snapping turtle simulacrum!!!
The alligator snapping turtle simulacrum melts!
The alligator snapping turtle simulacrum explodes!
You hear an explosion!
The frost giant explodes!
The fiery explosion engulfs you!!! The fire burns you terribly!
The satyr simulacrum explodes!
The kraken simulacrum explodes!
The death yak simulacrum explodes!
The manticore simulacrum explodes!
The satyr simulacrum explodes!
The cyclops simulacrum explodes!
The fiery explosion engulfs you!!! The fire burns you terribly!
* * * LOW HITPOINT WARNING * * *
The cyclops simulacrum explodes!
The fiery explosion engulfs you!!! The fire burns you terribly!
You die...

≈≈≈≈~~~~~~~~~~~~.....^.~.
≈≈≈≈~.......~~~.......~~~
≈≈≈≈~~.......~~..~.###.~~
≈≈≈≈~.........~.....##...
≈≈≈≈~.........~~....#....
≈≈≈≈~.........~~~.......~
≈≈≈≈~....~...~~~~..###..~
≈≈≈≈~........~~~~~.###..~
≈≈≈≈..§§@§§......~......~
≈≈≈≈.##§§§##...........~~
≈≈≈≈.#§§§§§#.~.....~~~~~≈
≈≈≈≈.#§§§§§#.~~...~~~~~~≈
≈≈≈≈.#§§§§§#.~~...~~~~~~.
≈≈≈.#§§Z§§#.....~~~~....
≈≈≈.#§§Z§§#.....~~~...##
≈≈≈.#######.....~..÷###
≈≈≈....)............#


There were no monsters in sight!

Vanquished Creatures
  Nikola (Shoals:1)
  Frances (Shoals:1)
  Kirke (Snake:1)
  5 nagarajas (Snake:4)
  Aizul (Snake:1)
  2 frost giants
  An orc warlord (Orc:2)
  Nessos (D:15)
  Azrael (Orc:2)
  Josephine (Snake:1)
  5 merfolk impalers
  3 boulder beetles
  3 salamander tyrants
  A centaur warrior (D:13)
  5 hydras
  5 catoblepae
  6 anacondas
  2 two-headed ogres
  2 dancing weapons (D:14)
  A merfolk aquamancer (Shoals:1)
  11 naga warriors
  A merfolk avatar (Shoals:1)
  17 death yaks
  3 tengu warriors
  15 naga sharpshooters
  3 shock serpents
  4 orc high priests (Orc:2)
  A fire crab (Lair:5)
  A salamander mystic (Snake:3)
  5 skeletal warriors (D:15)
  2 wizards (D:15)
  9 sea snakes
  A kraken simulacrum (Shoals:2)
  8 naga ritualists
  A lindwurm (Lair:4)
  7 ugly things
  6 orc knights
  11 harpies
  7 mana vipers
  2 deep elf zephyrmancers (D:15)
  4 orc sorcerers (Orc:2)
  7 cyclopes
  8 elephants
  10 fauns (Shoals:1)
  8 salamanders
  9 manticores
  4 water nymphs
  5 merfolk sirens
  28 black mambas
  24 naga magi
  2 guardian serpents
  5 gargoyles
  An unseen horror (D:12)
  8 cane toads
  A demonic crawler (Lair:1)
  3 rime drakes
  10 komodo dragons
  2 tengu conjurers
  A freezing wraith (D:15)
  3 kobold demonologists
  8 merfolk
  2 wind drakes (Shoals:2)
  2 trolls
  4 polar bears
  13 blink frogs
  A wind drake (shapeshifter) (D:15)
  5 snapping turtles
  11 slime creatures
  9 water elementals
  2 wyverns
  49 yaks
  2 alligator snapping turtle simulacra (Shoals:2)
  A vampire (D:10)
  6 wraiths
  A human (Snake:1)
  2 steam dragons
  4 fire elementals
  3 death yak simulacra (Shoals:2)
  2 sea snake simulacra (Shoals:2)
  2 hogs (Snake:1)
  7 basilisks
  11 vampire mosquitoes
  3 harpy simulacra (Shoals:2)
  2 acid dragons
  A swamp worm (Lair:1)
  2 hell hounds
  14 water moccasins
  A swamp drake (D:11)
  39 nagas
  30 orc warriors
  3 ice beasts
  2 sky beasts
  2 black bears
  3 satyr simulacra (Shoals:2)
  4 ogres
  6 centaurs
  7 wolves
  6 kobold brigands
  8 bullfrogs
  2 necrophages (D:5)
  A scorpion (D:4)
  A faun simulacrum (Shoals:2)
  2 merfolk simulacra (Shoals:2)
  9 wights
  4 manticore simulacra (Shoals:2)
  5 howler monkeys
  An electric eel (Lair:2)
  A crimson imp (D:4)
  17 orc priests
  2 hounds
  4 gnoll boudas
  3 jellies
  3 cyclops simulacra (Shoals:2)
  5 iguanas
  37 orc wizards
  17 gnolls
  2 adders
  A shadow imp (D:7)
  A white imp (D:6)
  A worm (D:4)
  4 dart slugs
  73 orcs
  8 endoplasms
  4 giant cockroaches
  6 goblins
  10 hobgoblins
  5 quokkas
  4 ball pythons
  6 bats
  2 frilled lizards
  17 kobolds
  7 rats
851 creatures vanquished.

Vanquished Creatures (collateral kills)
  A wyvern (D:10)
1 creature vanquished.

Vanquished Creatures (others)
  A death yak (Lair:3)
  A naga sharpshooter (Snake:4)
  2 harpies (Shoals:1)
  A black mamba (Snake:1)
  A komodo dragon (Lair:2)
  A human (Snake:1)
  A centaur (D:8)
  An orc wizard (D:12)
  A bush (D:10)
  50 fungi
  145 plants
205 creatures vanquished.

Grand Total: 1057 creatures vanquished

Notes
Turn   | Place    | Note
-------+----------+-------------------------------------------
     0 | D:1      | freelancePsychic the Draconian Hunter began the quest for
                  | the Orb.
     0 | D:1      | Reached XP level 1. HP: 17/17 MP: 1/1
   176 | D:1      | Reached XP level 2. HP: 25/25 MP: 2/2
   252 | D:1      | Found Piotsul's Book Boutique.
   255 | D:1      | Reached skill level 4 in Ranged Weapons
   789 | D:2      | Noticed Terence
  1425 | D:2      | Reached XP level 3. HP: 30/30 MP: 3/3
  1561 | D:2      | Noticed Robin
  2069 | D:3      | Found a runed translucent gate.
  2069 | D:3      | Found a runed translucent gate.
  2069 | D:3      | Found a runed translucent gate.
  2070 | D:3      | Noticed bchevrier's ghost (amateur GnWn)
  2691 | D:3      | Reached XP level 4. HP: 35/38 MP: 4/4
  3068 | D:4      | Found a radiant altar of Vehumet.
  3081 | D:4      | Reached skill level 5 in Ranged Weapons
  3081 | D:4      | Found a burning altar of Makhleb.
  3226 | D:4      | Noticed a scorpion
  3234 | D:4      | Killed a scorpion
  3235 | D:4      | Reached XP level 5. HP: 46/46 MP: 5/5
  3278 | D:4      | Noticed an ogre
  3283 | D:4      | Killed an ogre
  3442 | D:4      | Reached XP level 6. HP: 52/52 MP: 6/6
  3860 | D:5      | Entered Level 5 of the Dungeon
  3882 | D:5      | Reached skill level 6 in Ranged Weapons
  4094 | D:5      | Noticed a water moccasin
  4141 | D:5      | Found a blossoming altar of Fedhas.
  4184 | D:5      | Reached skill level 5 in Fighting
  4184 | D:5      | Your scales start taking on an icy white colour.
  4184 | D:5      | Reached XP level 7. HP: 57/61 MP: 7/7
  4184 | D:5      | Gained mutation: Your flesh is cold resistant. (rC+) [White
                  | Draconian growth]
  4416 | D:5      | Found a glowing silver altar of Zin.
  4499 | D:5      | Reached skill level 7 in Ranged Weapons
  4737 | D:5      | Found a sacrificial altar of Ru.
  4948 | D:5      | Became a worshipper of Ru the Awakened
  4997 | D:6      | Identified a scroll of acquirement
  4998 | D:6      | Acquired a ring of poison resistance
  5388 | D:6      | Reached skill level 8 in Ranged Weapons
  5388 | D:6      | Reached XP level 8. HP: 57/70 MP: 6/8
  6179 | D:7      | Found a stormy altar of Qazlal.
  6225 | D:7      | Reached skill level 9 in Ranged Weapons
  6678 | D:7      | Gained mutation: You cannot study or use magical devices.
                  | [Ru sacrifice]
  6678 | D:7      | Reached * piety under Ru
  6678 | D:7      | Reached ** piety under Ru
  6779 | D:7      | Found Javaqo's Jewellery Shoppe.
  6791 | D:7      | Bought the ring of Toexzev {Ice rElec Str-5 Int-2 Dex+9}
                  | for 432 gold pieces
  7397 | D:8      | Reached XP level 9. HP: 66/80 MP: 6/9
  7688 | D:8      | Reached skill level 10 in Ranged Weapons
  7736 | D:8      | Noticed a tengu warrior
  7747 | D:8      | Killed a tengu warrior
  8338 | D:8      | Found a shimmering altar of Xom.
  8338 | D:8      | Found a white marble altar of Elyvilon.
  8524 | D:9      | Noticed a troll
  8536 | D:9      | Killed a troll
  8614 | D:9      | Reached skill level 11 in Ranged Weapons
  8624 | D:9      | Reached XP level 10. HP: 80/90 MP: 8/10
  9008 | D:9      | Gained mutation: You cannot study or cast Ice magic. [Ru
                  | sacrifice]
  9008 | D:9      | Gained mutation: You cannot study or cast Hexes magic. [Ru
                  | sacrifice]
  9008 | D:9      | Gained mutation: You cannot study or cast Translocations
                  | magic. [Ru sacrifice]
  9008 | D:9      | Reached *** piety under Ru
  9322 | D:9      | Noticed a boulder beetle
  9336 | D:9      | Killed a boulder beetle
  9534 | D:10     | Entered Level 10 of the Dungeon
  9638 | D:10     | Reached skill level 5 in Dodging
  9951 | D:10     | Reached skill level 12 in Ranged Weapons
 10016 | D:10     | Reached skill level 10 in Fighting
 10317 | D:10     | Found a sparkling altar of Nemelex Xobeh.
 10530 | D:10     | Found a broken altar of Ashenzari.
 10568 | D:10     | Found Mukomustef's Jewellery Boutique.
 10599 | D:10     | Found a staircase to the Lair.
 11044 | D:11     | Reached XP level 11. HP: 100/100 MP: 11/11
 11657 | D:11     | Found a staircase to the Orcish Mines.
 12028 | D:11     | Reached skill level 13 in Ranged Weapons
 12160 | D:11     | Found a portal to a secret trove of treasure.
 12531 | D:11     | Gained mutation: You occasionally lose the ability to read
                  | scrolls when taking damage. [Ru sacrifice]
 12531 | D:11     | Gained mutation: You sometimes lose the ability to read
                  | scrolls when taking damage. [Ru sacrifice]
 12531 | D:11     | Reached **** piety under Ru
 12531 | D:11     | Reached ***** piety under Ru
 12659 | D:12     | Noticed a two-headed ogre
 12666 | D:12     | Noticed an orc knight
 12669 | D:12     | Noticed Setsom's ghost (journeyman HOMo)
 12670 | D:12     | Noticed a two-headed ogre
 12697 | Lair:1   | Entered Level 1 of the Lair of Beasts
 12875 | Lair:1   | Noticed a death yak
 12876 | Lair:1   | Noticed a death yak
 12877 | Lair:1   | Noticed a death yak
 12920 | Lair:1   | Killed a death yak
 13100 | Lair:1   | Noticed a death yak
 13113 | Lair:1   | Killed a death yak
 13118 | Lair:1   | Noticed a death yak
 13119 | Lair:1   | Noticed a death yak
 13125 | Lair:1   | Killed a death yak
 13149 | Lair:1   | Killed a death yak
 13149 | Lair:1   | Killed a death yak
 13150 | Lair:1   | Reached XP level 12. HP: 64/109 MP: 0/12
 13154 | Lair:1   | Killed a death yak
 13155 | Lair:1   | Reached skill level 14 in Ranged Weapons
 13979 | Lair:2   | Noticed a seven-headed hydra
 13985 | Lair:2   | Noticed a catoblepas
 13986 | Lair:2   | Killed a seven-headed hydra
 13995 | Lair:2   | Killed a catoblepas
 14359 | Lair:2   | You fall into a shaft and drop 2 floors!
 14673 | Lair:3   | Reached skill level 15 in Ranged Weapons
 14682 | Lair:3   | Gained mutation: You cannot be stealthy. [Ru sacrifice]
 14801 | Lair:3   | Noticed a death yak
 14802 | Lair:3   | Noticed a death yak
 14803 | Lair:3   | Noticed a death yak
 14813 | Lair:3   | Killed a death yak
 14813 | Lair:3   | Noticed a death yak
 15367 | Lair:2   | Killed a death yak
 15480 | Lair:2   | Reached XP level 13. HP: 109/110 MP: 13/13
 15533 | Lair:2   | Found a staircase to the Shoals.
 16488 | Lair:3   | Identified the +0 ring mail of the Forest {Int+3 Stlth+}
 16531 | Lair:3   | Found a staircase to the Snake Pit.
 17563 | Lair:4   | Gained mutation: You are slightly weak-willed. (Will-) [Ru
                  | sacrifice]
 17563 | Lair:4   | Reached ****** piety under Ru
 17655 | Lair:4   | Identified the +7 quarterstaff of Dim Light {drain, rElec
                  | rF- rCorr Dex+5}
 18129 | Lair:5   | Entered Level 5 of the Lair of Beasts
 18168 | Lair:5   | Reached skill level 16 in Ranged Weapons
 18303 | Lair:5   | Found a viscous altar of Jiyva.
 18303 | Lair:5   | Found a staircase to the Slime Pits.
 18469 | Lair:5   | Reached skill level 10 in Dodging
 19182 | Lair:5   | Reached XP level 14. HP: 133/133 MP: 14/14
 19301 | Lair:5   | Reached skill level 15 in Fighting
 19550 | Lair:5   | Identified the +2 ring mail of the Cockatrice {Int+4}
 20041 | Orc:1    | Entered Level 1 of the Orcish Mines
 20325 | Orc:2    | Entered Level 2 of the Orcish Mines
 20469 | Orc:2    | Noticed Azrael
 20507 | Orc:2    | Found a staircase to the Elven Halls.
 20546 | Orc:2    | Killed Azrael
 21239 | D:12     | Found a transporter.
 21244 | D:12     | Found a transporter.
 21471 | D:12     | Found a shimmering blue altar of Sif Muna.
 21939 | D:12     | Found a bloodstained altar of Trog.
 22349 | D:13     | Found Xenap Hitemi's Assorted Antiques.
 23155 | D:14     | HP: 4/117 [titanic slime creature (66)]
 23456 | D:14     | Identified the +8 quarterstaff "Hoacagy" {flame, rElec
                  | rPois Str-3 SInv}
 23459 | D:14     | Found a gate to the Vaults.
 24482 | D:15     | Entered Level 15 of the Dungeon
 24797 | D:15     | Reached XP level 15. HP: 68/134 MP: 15/15
 25040 | D:15     | Noticed Nessos
 25043 | D:15     | Killed Nessos
 25199 | D:15     | Reached skill level 17 in Ranged Weapons
 25927 | D:15     | Noticed a frost giant
 25934 | D:15     | Killed a frost giant
 25974 | D:15     | Found a staircase to the Depths.
 26243 | Orc:2    | Noticed an orc warlord
 26257 | Orc:2    | Killed an orc warlord
 26636 | Orc:2    | Found Sefampum's Antique Armour Emporium.
 26637 | Orc:2    | Found Kevvizaj's Antique Weapon Emporium.
 26639 | Orc:2    | Found Fecwuoc's General Store.
 26639 | Orc:2    | Found Sexte's Jewellery Shoppe.
 26644 | Orc:2    | Bought a scroll of brand weapon for 133 gold pieces
 26852 | Snake:1  | Entered Level 1 of the Snake Pit
 26925 | Snake:1  | Noticed Josephine
 26928 | Snake:1  | Killed Josephine
 27097 | Snake:1  | Noticed Aizul
 27174 | Snake:1  | Noticed Kirke
 27375 | Snake:1  | Identified the +1 leather armour of Haholil {*Corrode rElec
                  | Will+ Str+3 Int+2}
 27809 | Snake:1  | Killed Aizul
 28350 | Snake:1  | Killed Kirke
 28938 | Snake:2  | Found an ornate altar of the Wu Jian Council.
 28978 | Snake:2  | Reached skill level 18 in Ranged Weapons
 30103 | Snake:3  | Reached XP level 16. HP: 143/144 MP: 16/16
 30915 | Snake:4  | Entered Level 4 of the Snake Pit
 31619 | Snake:4  | Found a sacrificial altar of Ru.
 31937 | Snake:4  | Reached skill level 19 in Ranged Weapons
 32231 | Snake:4  | Identified the +5 lajatang of Gynuzah {distort, Fly rPois
                  | rCorr Stlth+}
 32891 | Snake:4  | Reached skill level 20 in Ranged Weapons
 33010 | Snake:4  | Got a serpentine rune of Zot
 33217 | Shoals:1 | Entered Level 1 of the Shoals
 33286 | Shoals:1 | Noticed Frances
 33301 | Shoals:1 | Killed Frances
 33400 | Shoals:1 | Reached XP level 17. HP: 140/141 MP: 17/17
 33811 | Shoals:1 | Noticed Nikola
 33823 | Shoals:1 | Killed Nikola
 34124 | Shoals:1 | Reached skill level 21 in Ranged Weapons
 34799 | Shoals:2 | Found a runed translucent gate.
 34806 | Shoals:2 | Found a runed translucent gate.
 34808 | Shoals:2 | Found a runed translucent gate.
 35024 | Shoals:2 | HP: 7/163 [spore (48)]
 35024 | Shoals:2 | Killed by an exploding cyclops simulacrum... ignited by
                  | their inner flame

Illustrated notes

Levels and vault maps discovered:
D:1:      dpeg_arrival_simpleton_a, layout_basic, serial_shops,
          nicolae_diamond_shop
D:2:      layout_loops_ring, kennysheep_generic_room_8, uniq_terence, uniq_robin
D:3:      minmay_razor_zed, layout_basic, ebering_ghost_rock_garden,
          serial_forest, infiniplex_forest_clump_small,
          infiniplex_forest_clump_double, infiniplex_forest_lined_2,
          infiniplex_forest_clump_tiny, infiniplex_forest_clump_cross,
          infiniplex_forest_clump_long, infiniplex_forest_straight_2
D:4:      layout_gridville, grunt_temple_overflow_lords_of_destruction
D:5:      layout_rooms, mainiacjoe_overflow_alcove_4, zin_academy,
          fedhas_altar_3, minmay_temple_entry_enclosed_plants
D:6:      layout_loops_cross
D:7:      layout_basic, pf_just_have_faith, serial_shops,
          nicolae_shop_waterfront, minmay_manual_moon
D:8:      layout_rooms, amethyst_overflow_temple_binary,
          small_chamber_with_monster, dk_noncrumbling_4
D:9:      layout_big_octagon, nzn_sisyphean_effort
D:10:     layout_loops_ring, general_overflow_altar, amcnicky_altar_gilded,
          minmay_lair_entry_grove, serial_shops, shop
D:11:     layout_roguey, erik_orc_1, serial_corexii_hall,
          chequers_hall_statues_corner_a, chequers_hall_statues_corner_a,
          enter_trove_6
D:12:     layout_roguey, gammafunk_ghost_wrathful_warriors,
          kennysheep_orc_sif_temple
D:13:     layout_irregular_city, serial_shops, nicolae_lakefront_shop,
          serial_bayou_crossing
D:14:     layout_rooms, erik_vaults_1, grunt_ministairs_7
D:15:     grunt_enter_depths_snipers, layout_long_grid, serial_rivers,
          chequers_serial_rivers_large_b, chequers_serial_rivers_large_a,
          chequers_serial_rivers_micro_a, chequers_serial_rivers_micro_b,
          billiards_dpeg, uniq_nessos
Lair:1:   layout_chaotic_city, chequers_serial_rivers_micro_c, worms_lemuel,
          grunt_megastairs_1, serial_bayou_shore_b
Lair:2:   layout_gridlike, minmay_shoals_entry_lonely_mermaid,
          grunt_megastairs_4
Lair:3:   layout_chaotic_city, minmay_snake_entry_guardpost_large,
          serial_forest, infiniplex_forest_clump_double,
          infiniplex_forest_lined_room_2, infiniplex_forest_end_2,
          infiniplex_forest_zigzag_2, infiniplex_forest_clump_diagonal,
          serial_bayou_shore_b
Lair:4:   layout_hall_layers, hibernation_bobbens
Lair:5:   evilmike_catoblepas_cave, layout_gridlike, slime_entry_1
Shoals:1: layout_shoals, uniq_frances, uniq_nikola
Shoals:2: layout_shoals, nicolae_shoals_beach_cooler
Snake:1:  layout_chambers, grunt_megastairs_5, uniq_kirke, uniq_aizul,
          uniq_josephine
Snake:2:  layout_grid_maze, basic_altar
Snake:3:  layout_grid_maze
Snake:4:  snake_pit, layout_grid_shapes, basic_altar, serial_bayou_shore_a
Orc:1:    minmay_goldmine, layout_caves
Orc:2:    st_orc_congregation, layout_caves, uniq_azrael

Skill      XL: |  1  2  3  4  5  6  7  8  9 10 11 12 13 14 15 16 17 |
---------------+----------------------------------------------------+-----
Ranged Weapons | 4 5 6 8 9 11 12 13 15 16 18 20 21 | 21.3
Fighting       | 3 4 5 6 7 8 10 11 12 14 16 17 18 | 18.0
Dodging        | 2 4 5 7 9 11 12 13 14 | 14.1

Action                   |  1- 3 |  4- 6 |  7- 9 | 10-12 | 13-15 | 16-18 || total
-------------------------+-------+-------+-------+-------+-------+-------++-------
Melee: Shortbow          |       |       |     1 |       |       |       ||     1
       Unarmed           |       |       |       |       |     1 |       ||     1
 Fire: Shortbow          |   158 |    88 |   388 |   832 |   599 |       ||  2065
       Arbalest          |       |       |       |       |   319 |       ||   319
       Longbow           |       |       |       |       |   417 |   721 ||  1138
Throw: Dart              |       |     6 |     3 |     9 |     3 |       ||    21
Invok: Sacrifice Artific |       |       |     1 |       |       |       ||     1
       Draw Out Power    |       |       |       |     3 |       |     1 ||     4
       Sacrifice Arcana  |       |       |       |     1 |       |       ||     1
       Apocalypse        |       |       |       |     4 |    17 |     4 ||    25
       Sacrifice Words   |       |       |       |     1 |       |       ||     1
       Sacrifice Stealth |       |       |       |     1 |       |       ||     1
       Sacrifice Essence |       |       |       |       |     1 |       ||     1
       Power Leap        |       |       |       |       |     1 |       ||     1
 Abil: Breathe Frost     |       |       |     8 |    12 |     2 |       ||    22
  Use: Scroll            |     7 |       |    13 |     8 |    12 |     1 ||    41
       Potion            |     1 |       |     3 |     3 |     6 |       ||    13
Armor: Skin              |    19 |    13 |   105 |   139 |   122 |    41 ||   439
Dodge: Dodged            |    45 |    22 |   143 |   252 |   476 |   206 ||  1144
Block: Other             |       |       |       |    10 |    81 |    45 ||   136
       Reflection        |       |       |       |       |     5 |     5 ||    10

Table legend: (Time is in decaauts)
 A = Elapsed time spent in this place.
 B = Non-inter-level travel time spent in this place.
 C = Inter-level travel time spent in this place.
 D = Time resting spent in this place.
 E = Time spent auto-exploring this place.
 F = Levels seen in this place.
 G = Mean time per level.
                   A        B        C        D        E       F      G
               +--------+--------+--------+--------+--------+-----+--------+
         Total |  34660 |  32256 |   2404 |   2334 |  24882 |  28 | 1237.9 |
       Dungeon |  17948 |  16423 |   1525 |    396 |  13503 |  15 | 1196.5 |
          Lair |   7214 |   6775 |    439 |    820 |   4885 |   5 | 1442.8 |
        Shoals |   1804 |   1760 |     44 |      0 |   1433 |   2 |  902.0 |
     Snake Pit |   6157 |   5885 |    272 |    785 |   4237 |   4 | 1539.2 |
  Orcish Mines |   1535 |   1413 |    122 |    333 |    822 |   2 |  767.5 |
               +--------+--------+--------+--------+--------+-----+--------+

Top non-repeatable levels by time:
 Snake:3: 2021 daAuts
  Lair:1: 1968 daAuts
 Snake:1: 1871 daAuts
    D:15: 1684 daAuts
  Lair:5: 1657 daAuts
  Lair:3: 1647 daAuts
    D:10: 1525 daAuts
    D:14: 1512 daAuts
 Snake:4: 1352 daAuts
     D:2: 1274 daAuts
     D:6: 1273 daAuts
    D:11: 1271 daAuts
Shoals:1: 1257 daAuts
     D:8: 1243 daAuts
  Lair:2: 1218 daAuts
